 Dungeon Crawl Stone Soup version 0.29.1-14-g9c671dbff4 (webtiles) character file.

Game seed: 1350285047004841235

3359 sweetbreads the Geomancer (level 10, -1/56 HPs)
             Began as a Gargoyle Earth Elementalist on Feb 14, 2023.
             Was a Priest of Vehumet.
             Slain by an eight-headed hydra (2 damage)
             ... on level 8 of the Dungeon.
             The game lasted 00:41:27 (6858 turns).

sweetbreads the Geomancer (GrEE)                    Turns: 6858, Time: 00:41:28

Health: -1/56      AC: 15    Str: 12    XL:     10   Next: 3%
Magic:  9/13       EV: 12    Int: 26    God:    Vehumet [***...]
Gold:   1350       SH:  0    Dex: 10    Spells: 3/13 levels left

rFire   . . .      SeeInvis .   a - +4 dagger
rCold   . . .      Faith    .   (no shield)
rNeg    + . .      Spirit   .   d - +0 robe
rPois   ∞          Reflect  .   w - +1 helmet
rElec   +          Harm     .   (no cloak)
rCorr   .          Rampage  .   (no gloves)
Will    .....                   (no boots)
Stlth   ++........              (no amulet)
HPRegen 0.18/turn               l - +4 ring of protection
MPRegen 0.13/turn               G - +6 ring of intelligence

@: no status effects
A: sickness immunity, AC +7, negative energy resistance 1, electricity
resistance, torment resistance 1, petrification resistance
a: Renounce Religion


You were on level 8 of the Dungeon.
You worshipped Vehumet.
Vehumet was most pleased with you.
You visited 2 branches of the dungeon, and saw 9 of its levels.
You also visited: Sewer.

You collected 1350 gold pieces.

Inventory:

Hand Weapons
 a - a +4 dagger (weapon)
 F - a +0 vorpal flail
Missiles
 c - 29 poisoned darts
 j - 3 throwing nets
 x - 3 silver boomerangs
 D - a curare-tipped dart
Armour
 d - a +0 robe (worn)
 w - a +1 helmet (worn)
Jewellery
 e - a ring of magical power
 l - a +4 ring of protection (left hand)
 o - a ring of flight
 q - a ring of positive energy
 r - a +4 ring of evasion
 G - a +6 ring of intelligence (right hand)
 I - a ring of magical power
 M - a ring of wizardry
Wands
 K - a wand of charming (8)
 Q - a wand of flame (19)
Scrolls
 g - 2 scrolls of magic mapping
 k - a scroll of immolation
 m - 2 scrolls of identify
 u - 2 scrolls of enchant armour
 y - 2 scrolls of fear
 B - 4 scrolls of teleportation
 R - a scroll of butterflies
Potions
 b - 4 potions of magic
 f - a potion of might {unknown}
 h - 7 potions of curing
 i - a potion of mutation {unknown}
 n - a potion of ambrosia {unknown}
 p - 2 potions of invisibility
 s - a potion of haste
 v - 2 potions of flight
 z - a potion of cancellation
 C - 4 potions of heal wounds
 E - a potion of brilliance {unknown}
 S - a potion of berserk rage {unknown}


   Skills:
 - Level 4.0 Fighting
 - Level 4.0 Dodging
 - Level 4.0 Stealth
 - Level 2.0 Spellcasting
 * Level 4.8 Conjurations
 * Level 3.1 Translocations
 - Level 1.0 Transmutations
 + Level 13.1 Earth Magic


You had 3 spell levels left.
You knew the following spells:

 Your Spells              Type           Power      Damage    Failure   Level
a - Sandblast             Erth           100%       2d20      1%          1
b - Stone Arrow           Conj/Erth      98%        3d13      1%          3
c - Petrify               Tmut/Erth      39%        N/A       6%          4
d - Searing Ray           Conj           54%        2d6       1%          2

Your spell library contained the following spells:

 Spells                   Type           Power      Damage    Failure   Level
 Iskenderun's Mystic Bla  Conj/Tloc      23%        2d6       5%          4
 Passwall                 Tmut/Erth      32%        N/A       1%          2
 Static Discharge         Conj/Air       15%        3-5/arc   1%          2
 Blink                    Tloc           36%        N/A       4%          2
 Inner Flame              Hex/Fire       2%         N/A       9%          3
 Ensorcelled Hibernation  Hex/Ice        4%         N/A       16%         2
 Spider Form              Tmut/Pois      5%         N/A       26%         3
 Lightning Bolt           Conj/Air       7%         1d20      28%         5
 Manifold Assault         Tloc           18%        N/A       63%         5
 Anguish                  Hex/Necr       1%         N/A       71%         4
 Cause Fear               Hex            1%         N/A       71%         4
 Storm Form               Tmut/Air       2%         N/A       100%        7
 Discord                  Hex            1%         N/A       100%        8
 Maxwell's Capacitive Co  Air            1%         ∞         100%        8


Dungeon Overview and Level Annotations

Branches:
Dungeon (8/15)             Temple (1/1) D:4           Sewer (visited)
   Lair: D:8-11

Altars:
Ashenzari
Dithmenos
Fedhas
Gozag
Hepliaklqana
Kikubaaqudgha
Makhleb
Nemelex Xobeh
Okawaru
Ru
Sif Muna
Trog
Vehumet
Wu Jian
Xom
Yredelemnul
Zin
The Shining One

Annotations:
D:6 3 runed translucent doors, nroviw's ghost, novice DsFE


Innate Abilities, Weirdness & Mutations

You are immune to sickness and miasma.
Your stone body is resilient. (AC +7)
You are immune to poison.
You resist negative energy. (rN+)
You are resistant to electric shocks. (rElec)
You are resistant to unholy torment.
You are immune to petrification.


Message History

The eight-headed hydra is moderately wounded.
Casting: Sandblast (safe; 1% risk of failure)
Confirm with . or Enter, or press ? or * to list all spells.
Aiming: Sandblast (safe; 1% risk of failure)
Press: ? - help, Shift-Dir - straight line, f/p - eight-headed hydra
Aim: an eight-headed hydra (moderately wounded, 95% to hit)
The blast of sand hits the eight-headed hydra!!
The eight-headed hydra is severely wounded.
The eight-headed hydra bites you.
The eight-headed hydra bites you but does no damage. x2
The eight-headed hydra barely misses you.
The eight-headed hydra bites you but does no damage.
The eight-headed hydra bites you. The eight-headed hydra misses you.
The eight-headed hydra bites you.
Unknown command.
Casting: Sandblast (safe; 1% risk of failure)
Confirm with . or Enter, or press ? or * to list all spells.
Aiming: Sandblast (safe; 1% risk of failure)
Press: ? - help, Shift-Dir - straight line, f/p - eight-headed hydra
Aim: an eight-headed hydra (severely wounded, 95% to hit)
The blast of sand hits the eight-headed hydra!
The eight-headed hydra is almost dead.
The eight-headed hydra bites you.
The eight-headed hydra barely misses you.
The eight-headed hydra bites you. The eight-headed hydra bites you!
The eight-headed hydra barely misses you.
The eight-headed hydra bites you.
The eight-headed hydra barely misses you.
The eight-headed hydra bites you but does no damage.
The eight-headed hydra bites you!
* * * LOW HITPOINT WARNING * * *
The eight-headed hydra closely misses you.
The eight-headed hydra bites you.
* * * LOW HITPOINT WARNING * * *
The eight-headed hydra closely misses you.
The eight-headed hydra bites you!
* * * LOW HITPOINT WARNING * * *
The eight-headed hydra bites you but does no damage.
The eight-headed hydra bites you.
You die...

#.........# #.#.# #.
#.........# #.#.# #.
#......#### #.#.# #.
##.....#
########.#.######.
##.####
#........#........ ##
######'######.##......#
#..........##)........+
#..........##.##......#
#.....@....##.#########
#.....D....##.........
######.######.########
#.####...# #......#.#
.......######.#
>#####.# #.# #.# #.#
#.# #.#


You could see an eight-headed hydra.

Vanquished Creatures
  A hornet (D:7)
  Edmund (D:4)
  A water moccasin (D:8)
  2 sky beasts (D:7)
  An orc warrior (D:6)
  3 ice beasts (D:6)
  2 black bears
  2 ogres
  3 centaurs
  A phantom (D:6)
  4 kobold brigands
  A necrophage (D:7)
  3 scorpions
  3 wights (D:7)
  A howler monkey (D:6)
  7 crimson imps (D:7)
  3 orc priests
  2 gnoll boudas
  3 hounds
  5 orc wizards
  An iguana (D:5)
  8 gnolls
  11 adders
  2 river rats (D:4)
  3 shadow imps
  3 white imps
  An ufetubus (D:2)
  3 worms
  2 dart slugs
  25 orcs
  10 ball pythons
  10 bats
  9 endoplasms
  5 giant cockroaches
  5 goblins
  7 hobgoblins
  A jackal (D:2)
  36 kobolds
  7 quokkas
  2 frilled lizards (D:2)
  7 rats
207 creatures vanquished.

Vanquished Creatures (others)
  A plant (Sewer)
1 creature vanquished.

Grand Total: 208 creatures vanquished

Notes
Turn   | Place    | Note
-------+----------+-------------------------------------------
     0 | D:1      | sweetbreads the Gargoyle Earth Elementalist began the quest
                  | for the Orb.
     0 | D:1      | Reached XP level 1. HP: 10/10 MP: 3/3
   410 | D:1      | Reached XP level 2. HP: 15/15 MP: 5/5
   411 | D:1      | Reached skill level 4 in Earth Magic
   436 | D:1      | Reached skill level 1 in Transmutations
   442 | D:1      | Reached XP level 3. HP: 11/19 MP: 6/6
   446 | D:1      | Learned a level 3 spell: Stone Arrow
  1077 | D:3      | Reached XP level 4. HP: 24/24 MP: 7/7
  1085 | D:3      | Found a shimmering blue altar of Sif Muna.
  1160 | D:3      | Noticed a scorpion
  1427 | D:2      | Reached skill level 5 in Earth Magic
  1487 | D:2      | Reached skill level 1 in Fighting
  1767 | D:3      | Killed a scorpion
  1768 | D:3      | Reached XP level 5. HP: 28/29 MP: 8/8
  1912 | D:3      | Noticed an ogre
  1918 | D:3      | Killed an ogre
  1919 | D:3      | Reached skill level 6 in Earth Magic
  1919 | D:3      | Reached XP level 6. HP: 35/35 MP: 9/9
  1924 | D:3      | Learned a level 4 spell: Petrify
  2623 | D:4      | Found a staircase to the Ecumenical Temple.
  2630 | Temple   | Entered the Ecumenical Temple
  2659 | Temple   | Became a worshipper of Vehumet
  2785 | D:4      | Found a glowing drain.
  2789 | Sewer    | Entered a sewer
  2890 | Sewer    | Reached * piety under Vehumet
  2890 | Sewer    | Offered knowledge of Foxfire by Vehumet.
  3035 | Sewer    | Reached skill level 7 in Earth Magic
  3035 | Sewer    | Reached XP level 7. HP: 38/40 MP: 10/10
  3190 | D:4      | Noticed Edmund
  3703 | D:4      | Killed Edmund
  3761 | D:5      | Entered Level 5 of the Dungeon
  3785 | D:5      | Reached skill level 1 in Conjurations
  3785 | D:5      | Reached skill level 8 in Earth Magic
  3915 | D:5      | Offered knowledge of Shock by Vehumet.
  3916 | D:5      | Reached XP level 8. HP: 46/46 MP: 11/11
  3970 | D:5      | Reached ** piety under Vehumet
  4435 | D:6      | Reached skill level 9 in Earth Magic
  4962 | D:6      | Found a runed translucent gate.
  4962 | D:6      | Found a runed translucent gate.
  4962 | D:6      | Found an opulent altar of Gozag.
  4963 | D:6      | Found a runed translucent gate.
  4963 | D:6      | Noticed nroviw's ghost (novice DsFE)
  4964 | D:6      | Noticed a wraith
  4964 | D:6      | Noticed a yak
  4967 | D:6      | Reached skill level 10 in Earth Magic
  5356 | D:7      | Reached skill level 1 in Translocations
  5356 | D:7      | Reached XP level 9. HP: 52/52 MP: 12/12
  5458 | D:7      | Noticed a hornet
  5461 | D:7      | Killed a hornet
  5462 | D:7      | Reached skill level 11 in Earth Magic
  5491 | D:6      | Offered knowledge of Searing Ray by Vehumet.
  5654 | D:7      | Reached *** piety under Vehumet
  5683 | D:7      | Reached skill level 12 in Earth Magic
  6414 | Temple   | Identified a scroll of acquirement
  6414 | Temple   | Acquired 858 gold pieces
  6419 | Temple   | Learned a level 2 spell: Searing Ray
  6670 | D:8      | Offered knowledge of Iskenderun's Mystic Blast by Vehumet.
  6712 | D:8      | Reached XP level 10. HP: 56/56 MP: 13/13
  6715 | D:8      | Reached skill level 13 in Earth Magic
  6817 | D:8      | Noticed an eight-headed hydra
  6858 | D:8      | HP: 1/56 [eight-headed hydra (9)]
  6858 | D:8      | Slain by an eight-headed hydra

Illustrated notes

Levels and vault maps discovered:
D:1:      minmay_arrival_stone_box, layout_rooms, minmay_misc_feat_plants,
          st_stairs_2
D:2:      layout_rooms, minmay_increasing_density
D:3:      layout_loops_cross, marbit_many_paths
D:4:      layout_basic, minmay_temple_entry_wispy, gup_sewer_entry_spiral,
          uniq_edmund
D:5:      layout_basic
D:6:      minmay_angry_zag, layout_basic, ebering_ghost_gozag
D:7:      layout_rooms, serial_curves, eino_curves_04, eino_curves_03,
          minmay_nine_imps
D:8:      layout_basic, gammafunk_ghost_cemetery, uniq_gastronok, uniq_amaemon
Temple:   nicolae_temple_bog_church

Skill      XL: |  1  2  3  4  5  6  7  8  9 10 |
---------------+-------------------------------+-----
Earth Magic    | 4 5 6 7 8 10 12 13 | 13.1
Transmutations | 1 |  1.0
Dodging        | 2 3 4 |  4.0
Stealth        | 3 4 |  4.0
Fighting       | 1 2 3 4 |  4.0
Conjurations   | 1 3 4 |  4.8
Translocations | 1 3 |  3.1
Spellcasting   | |  2.0

Action                   |  1- 3 |  4- 6 |  7- 9 | 10-12 || total
-------------------------+-------+-------+-------+-------++-------
Melee: Unarmed           |     3 |       |       |       ||     3
       Dagger            |     3 |     3 |     1 |       ||     7
 Cast: Sandblast         |    46 |    99 |   172 |    10 ||   327
       Stone Arrow       |       |       |     1 |       ||     1
  Use: Scroll            |       |     7 |    15 |       ||    22
Armor: Robe              |     7 |    16 |    23 |     5 ||    51
Dodge: Dodged            |    20 |    37 |    62 |     9 ||   128
